 Dungeon Crawl Stone Soup version 0.30-a0-591-g3c58d2bc28 (webtiles) character file.

Game seed: 14044428913536583213

1544 Newt the Scholar of Death (level 8, 0/66 HPs)
             Began as a Demonspawn Gladiator on Jan 4, 2023.
             Was a Follower of Kikubaaqudgha.
             Slain by a killer bee (6 damage)
             ... on level 6 of the Dungeon.
             The game lasted 00:06:54 (7657 turns).

Newt the Scholar of Death (Demonspawn Gladiator)    Turns: 7657, Time: 00:06:55

Health: 0/66       AC:  3    Str: 17    XL:     8   Next: 56%
Magic:  0/15       EV: 13    Int:  9    God:    Kikubaaqudgha [*.....]
Gold:   287        SH:  0    Dex: 15    Spells: 12/17 levels left

rFire   . . .      SeeInvis .    w - +4 morningstar (pain)
rCold   . . .      Faith    .    (no shield)
rNeg    . . .      Spirit   +    b - +0 leather armour
rPois   .          Reflect  .    (helmet restricted)
rElec   .          Harm     .    q - +0 cloak
rCorr   .          Rampage  .    (no gloves)
Will    .....      Clarity  +    (no boots)
Stlth   ++                       p - amulet of the acrobat
HPRegen 0.31/turn                j - ring of flight
MPRegen 0.28/turn                (no ring)

@: lethally poisoned (0 -> -8), flying
A: hooves 1, horns 1, magic shield, magic regeneration, demonic magic 1,
clarity, deformed body, robust 1
a: Renounce Religion, Unearth Wretches


You were on level 6 of the Dungeon.
You worshipped Kikubaaqudgha.
Kikubaaqudgha was aware of your devotion.
You visited 2 branches of the dungeon, and saw 7 of its levels.

You collected 287 gold pieces.

Inventory:

Hand Weapons
 a - a +0 rapier
 k - a +2 dagger of protection
 w - a +4 morningstar of pain (weapon)
Missiles
 d - 3 throwing nets
 e - a javelin
 n - 10 poisoned darts
Armour
 b - a +0 leather armour (worn)
 c - a +0 helmet
 q - a +0 cloak (worn)
Jewellery
 j - a ring of flight (left hand)
 m - a ring of ice
 p - an amulet of the acrobat (around neck)
Wands
 t - a wand of iceblast (4)
 x - a wand of light (9)
Scrolls
 i - 5 scrolls of teleportation
 o - a scroll of amnesia
 r - 2 scrolls of enchant armour
 s - 2 scrolls of fear
Potions
 f - 3 potions of ambrosia
 g - 2 potions of degeneration
 h - 2 potions of might
 l - 2 potions of mutation
 u - a potion of brilliance
 v - a potion of lignification
 A - a potion of attraction {unknown}


   Skills:
 - Level 4.0 Fighting
 - Level 4.0 Short Blades
 - Level 1.7 Throwing
 + Level 4.1 Armour
 - Level 4.0 Dodging
 - Level 2.0 Stealth
 - Level 5.0 Spellcasting
 - Level 5.0 Necromancy


You had 12 spell levels left.
You knew the following spells:

 Your Spells              Type           Power      Damage    Failure   Level
a - Necrotise             Necr           44%        1d6       3%          1
b - Animate Dead          Necr           11%        N/A       36%         4

Your spell library contained the following spells:

 Spells                   Type           Power      Damage    Failure   Level
 Sublimation of Blood     Necr           11%        N/A       5%          2
 Kiss of Death            Conj/Necr      24%        2d7       11%         1
 Apportation              Tloc           4%         N/A       28%         1
 Sting                    Tmut/Pois      8%         1d3       28%         1
 Summon Small Mammal      Summ           8%         N/A       28%         1
 Ensorcelled Hibernation  Hex/Ice        4%         N/A       41%         2
 Poisonous Vapours        Pois/Air       4%         N/A       41%         2
 Gell's Gravitas          Tloc           2%         N/A       65%         3
 Spider Form              Tmut/Pois      2%         N/A       65%         3
 Teleport Other           Tloc           2%         N/A       65%         3
 Anguish                  Hex/Necr       3%         N/A       71%         4
 Olgreb's Toxic Radiance  Pois           2%         N/A       96%         4
 Petrify                  Tmut/Erth      2%         N/A       96%         4
 Metabolic Englaciation   Hex/Ice        1%         N/A       100%        5
 Dispersal                Tloc           1%         N/A       100%        6
 Statue Form              Tmut/Erth      1%         N/A       100%        6


Dungeon Overview and Level Annotations

Branches:
Dungeon (6/15)             Temple (1/1) D:4

Altars:
Ashenzari
Cheibriados
Dithmenos
Fedhas
Gozag
Hepliaklqana
Kikubaaqudgha
Makhleb
Nemelex Xobeh
Okawaru
Qazlal
Ru
Sif Muna
Trog
Uskayaw
Vehumet
Wu Jian
Yredelemnul


Innate Abilities, Weirdness & Mutations

You have large cloven feet.
You have a pair of small horns on your head.
When hurt, damage is shared between your health and your magic reserves.
You regenerate magic rapidly.
Spells you cast may paralyse adjacent enemies.
You possess an exceptional clarity of mind.
Armour fits poorly on your strangely shaped body.
You are robust. (+10% HP)


Message History

You kick the killer bee, but do no damage.
The killer bee is almost dead.
You feel very sick.
The killer bee stings you but does no damage.
The killer bee stings you. The killer bee closely misses you.
The killer bee stings you but does no damage.
The killer bee closely misses you. The killer bee stings you.
You are more poisoned.
The killer bee poisons you!
You are too injured to fight recklessly!
Aiming: Necrotise (safe; 3% risk of failure)
Press: ? - help, Q - select action, (/) - cycle Shift-Dir - straight line, f - killer bee
Aim: a killer bee (chance to affect: 73%)
The killer bee writhes in agony.
Malevolent energies surge around you.
The killer bee suddenly stops moving!
You feel sick. The killer bee closely misses you. The killer bee stings you.
You closely miss the killer bee.
You kick the killer bee, but do no damage.
The killer bee is almost dead.
You feel very sick. The killer bee stings you!
* * * LOW HITPOINT WARNING * * *
The killer bee misses you. The killer bee closely misses you.
You miss the killer bee. Your kick misses the killer bee.
Your headbutt misses the killer bee.
The killer bee is almost dead.
You feel sick. The killer bee stings you. The killer bee barely misses you.
The killer bee stings you.
* * * LOW HITPOINT WARNING * * *
You are lethally poisoned!
The killer bee poisons you!
You hit the killer bee but do no damage.
The killer bee writhes in agony.
You kill the killer bee!
Kikubaaqudgha accepts your kill.
* * * LOW HITPOINT WARNING * * *
You feel very sick.
The killer bee is no longer paralysed.
The killer bee stings you!
You die...
Kikubaaqudgha rasps: "You have failed me!
Welcome... death!"

#)###....# #.#### ###. #.#
#...[########### ##.######...
#.###(...#.........# #..#.)..#.##
...##....#.........# #..#.##.#.#
..).######.........# #..#.##.#.##
..#.)..# #.........# #....##.....
..####.###.........# #..#########
..##.....#........[###(##########
..##...#.#.....y@................
####...#....#####.####...........
#...####..####.# #...........
#...# ##...#..# #...........
#...# ####..>## ############
#...# #......# ### #...# #......#
#.# ##### #...# #......###.#
#...# #...# #..........######.#.#


You could see a killer bee.

Vanquished Creatures
  Menkaure (D:5)
  An ice beast (D:5)
  An ogre (D:6)
  A phantom (D:5)
  Blork the orc (D:6)
  A bullfrog (D:6)
  3 scorpions
  2 killer bees (D:6)
  A howler monkey (D:6)
  3 hounds
  A jelly (D:6)
  3 orc priests
  7 iguanas
  4 orc wizards
  10 adders
  8 gnolls
  A dart slug (D:1)
  21 orcs
  5 ball pythons
  5 bats
  10 endoplasms
  5 giant cockroaches
  5 goblins
  6 hobgoblins
  9 jackals
  7 quokkas
  3 frilled lizards
  14 kobolds
  A quokka skeleton (D:2)
  4 quokka zombies (D:2)
  2 rats
146 creatures vanquished.

Vanquished Creatures (others)
  3 withered plants (D:2)
3 creatures vanquished.

Grand Total: 149 creatures vanquished

Notes
Turn   | Place    | Note
-------+----------+-------------------------------------------
     0 | D:1      | Newt the Demonspawn Gladiator began the quest for the Orb.
     0 | D:1      | Reached XP level 1. HP: 16/16 MP: 1/1
    21 | D:1      | Reached skill level 1 in Stealth
   188 | D:1      | Gained mutation: You regenerate magic rapidly. [demonic
                  | ancestry]
   188 | D:1      | Reached XP level 2. HP: 22/22 MP: 2/2
  1142 | D:2      | Reached XP level 3. HP: 28/28 MP: 3/3
  1959 | D:2      | Reached XP level 4. HP: 37/37 MP: 4/4
  3289 | D:4      | Noticed a scorpion
  3305 | D:4      | Killed a scorpion
  3306 | D:4      | Gained mutation: Spells you cast may paralyse adjacent
                  | enemies. [demonic ancestry]
  3306 | D:4      | Reached XP level 5. HP: 29/42 MP: 5/5
  3764 | D:4      | Discovered your monstrous ancestry.
  3764 | D:4      | Gained mutation: You have a pair of small horns on your
                  | head. [demonic ancestry]
  3764 | D:4      | Reached XP level 6. HP: 36/48 MP: 6/6
  3953 | D:4      | Found a staircase to the Ecumenical Temple.
  3967 | Temple   | Entered the Ecumenical Temple
  4200 | Temple   | Became a worshipper of Kikubaaqudgha
  4291 | D:4      | Learned a level 1 spell: Necrotise
  4946 | D:5      | Entered Level 5 of the Dungeon
  4948 | D:5      | Gained mutation: Armour fits poorly on your strangely
                  | shaped body. [potion of mutation]
  4948 | D:5      | Gained mutation: You are robust. (+10% HP) [potion of
                  | mutation]
  4948 | D:5      | Gained mutation: You possess an exceptional clarity of
                  | mind. [potion of mutation]
  5133 | D:5      | Noticed an ice beast
  5156 | D:5      | Gained mutation: When hurt, damage is shared between your
                  | health and your magic reserves. [demonic ancestry]
  5156 | D:5      | Reached XP level 7. HP: 40/59 MP: 7/7
  5238 | D:5      | Reached skill level 5 in Necromancy
  5502 | D:5      | Reached skill level 1 in Spellcasting
  5624 | D:5      | Noticed Menkaure
  5631 | D:5      | Killed Menkaure
  5631 | D:5      | Reached * piety under Kikubaaqudgha
  5631 | D:5      | Received a gift from Kikubaaqudgha
  5638 | D:5      | Learned a level 4 spell: Animate Dead
  6576 | D:6      | Gained mutation: You have large cloven feet. [demonic
                  | ancestry]
  6576 | D:6      | Reached XP level 8. HP: 28/66 MP: 6/14
  6582 | D:6      | HP: 3/66 [gnoll/+2 vampiric spear (9)]
  6582 | D:6      | HP: 1/66 [orc wizard/+0 dagger (2)]
  6677 | D:6      | Reached skill level 5 in Spellcasting
  7000 | D:6      | Noticed Blork the orc
  7005 | D:6      | Killed Blork the orc
  7006 | D:6      | Reached skill level 1 in Armour
  7657 | D:6      | Slain by a killer bee

Illustrated notes

Levels and vault maps discovered:
D:1:      erik_arrival_orb_chamber, layout_rooms, roderic_lattice_a
D:2:      layout_loops_corners, serial_undead, serial_undead_f, serial_undead_d,
          serial_undead_d, serial_undead_e, serial_undead_c, serial_undead_e
D:3:      layout_loops_cross, serial_co_window_serial,
          co_window_of_opportunity_a, co_window_corner_a, co_window_paths_a,
          co_window_corner_a, co_window_paths_b, co_window_of_opportunity_c,
          co_window_broadway_a, co_window_corner_ca, co_window_2corner,
          co_window_broadway_a, co_window_unsneaky_path_a, co_window_paths_d,
          co_window_4corner_a, glass_columns_b, glass_columns_a, glass_columns_a
D:4:      layout_basic, minmay_temple_entry_offerings
D:5:      layout_basic, st_stairs_5, kennysheep_cross_bottleneck, uniq_menkaure
D:6:      layout_basic, uniq_blork_the_orc
Temple:   mainiacjoe_temple_archimedes_tessellation

Skill      XL: |  1  2  3  4  5  6  7  8 |
---------------+-------------------------+-----
Stealth        | 1 2 |  2.0
Fighting       | 3 4 |  4.0
Short Blades   | 3 4 |  4.0
Dodging        | 3 4 |  4.0
Necromancy     | 4 5 |  5.0
Spellcasting   | 4 5 |  5.0
Armour         | 4 |  4.1
Throwing       | |  1.7

Action                   |  1- 3 |  4- 6 |  7- 9 || total
-------------------------+-------+-------+-------++-------
Melee: Rapier            |    78 |       |       ||    78
       Dagger            |   101 |   292 |     4 ||   397
       Punch             |     1 |     3 |     1 ||     5
       Headbutt          |       |    25 |    22 ||    47
       Morningstar       |       |       |   116 ||   116
       Kick              |       |       |    15 ||    15
Throw: Javelin           |       |     1 |       ||     1
       Throwing net      |       |       |     1 ||     1
 Cast: Necrotise         |       |       |    12 ||    12
Evoke: Wand              |       |       |     1 ||     1
  Use: Scroll            |     2 |     6 |     4 ||    12
       Potion            |       |     4 |     2 ||     6
 Stab: Sleeping          |     4 |     3 |     2 ||     9
       Distracted        |     1 |       |       ||     1
       Paralysed         |       |       |     7 ||     7
       Held in net/web   |       |       |     1 ||     1
Armor: Leather armour    |    58 |    96 |    18 ||   172
Dodge: Dodged            |    99 |   156 |   115 ||   370

Table legend: (Time is in decaauts)
 A = Elapsed time spent in this place.
 B = Non-inter-level travel time spent in this place.
 C = Inter-level travel time spent in this place.
 D = Time resting spent in this place.
 E = Time spent auto-exploring this place.
 F = Levels seen in this place.
 G = Mean time per level.
                   A        B        C        D        E       F      G
               +--------+--------+--------+--------+--------+-----+--------+
         Total |   7653 |   7391 |    262 |   1528 |   4727 |   7 | 1093.3 |
       Dungeon |   7396 |   7190 |    206 |   1528 |   4546 |   6 | 1232.7 |
        Temple |    256 |    200 |     56 |      0 |    181 |   1 |  256.0 |
               +--------+--------+--------+--------+--------+-----+--------+

Top non-repeatable levels by time:
     D:5: 1462 daAuts
     D:4: 1397 daAuts
     D:6: 1293 daAuts
     D:1: 1132 daAuts
     D:3: 1113 daAuts
     D:2: 996 daAuts
  Temple: 256 daAuts
